 Dungeon Crawl Stone Soup version 0.19-a0-599-g723c685 (webtiles) character file.

2270 hypermopl the Carver (level 9, -6/56 HPs)
             Began as an Octopode Abyssal Knight on June 11, 2016.
             Was a Priest of Lugonu.
             Splashed by a jelly's acid (11 damage)
             ... on level 8 of the Dungeon.
             The game lasted 00:18:26 (9151 turns).

hypermopl the Carver (Octopode Abyssal Knight)      Turns: 9151, Time: 00:18:27

Health: -6/56      AC: -3    Str: 14    XL:     9   Next: 38%
Magic:  0/13       EV: 13    Int: 14    God:    Lugonu [***...]
Gold:   368        SH:  0    Dex: 14    Spells: 4 memorised, 0 levels left

rFire  . . .     SeeInvis .     a - +0 long sword
rCold  . . .     Gourm    .     (no shield)
rNeg   . . .     Faith    .     (helmet restricted)
rPois  .         Spirit   +     l - amulet of guardian spirit
rElec  .         Dismiss  .     (no ring)
rCorr  .         Reflect  .     (no ring)
SustAt .         Harm     .     (no ring)
MR     .....                    (no ring)
Stlth  +++++.....               (no ring)
                                (no ring)
                                (no ring)
                                (no ring)

@: corroded, not resistant to hostile enchantments, quite stealthy
A: almost no armour, amphibious, 8 rings, constrict 8, camouflage 1, strong 1,
gelatinous body 1
a: Depart the Abyss, Bend Space, Banish, Renounce Religion


You were on level 8 of the Dungeon.
You worshipped Lugonu.
Lugonu was most pleased with you.
You were not hungry.

You visited 1 branch of the dungeon, and saw 8 of its levels.
You visited the Abyss 1 time.

You collected 368 gold pieces.

Inventory:

Hand Weapons
 a - a +0 long sword (weapon)
 b - a +0 hunting sling
 w - a +0 dagger
 z - the +3 Elemental Staff {rElec rF++ rC++ MR++ AC+5}
   (You found it on level 6 of the Dungeon)

   It affects your AC (+5).
   It greatly protects you from fire.
   It greatly protects you from cold.
   It insulates you from electricity.
   It affects your resistance to hostile enchantments.
Missiles
 g - 3 javelins (quivered)
 j - 178 stones
 n - 54 poisoned needles
 t - 34 sling bullets
 x - a throwing net
Magical Staves
 v - an uncursed staff of energy {!a}
 C - an uncursed staff of fire
 I - an uncursed staff of death
Jewellery
 l - an amulet of guardian spirit (around mantle)
 o - an uncursed amulet of magic regeneration
Scrolls
 c - 2 scrolls of fog
 d - a scroll of enchant armour {unknown}
 h - a scroll of fear {unknown}
 m - 3 scrolls of teleportation {unknown}
 p - 4 scrolls of remove curse {unknown}
 q - 3 scrolls of identify
 r - a scroll of magic mapping {unknown}
 u - 2 scrolls of enchant weapon {unknown}
 H - a scroll of noise {unknown}
Potions
 e - 2 potions of brilliance
 f - a potion of invisibility
 k - 3 potions of agility
 B - a potion of cancellation
 D - a potion of might
Books
 y - a book of Necromancy

   Spells                             Type                      Level
   a - Pain                           Necromancy                   1
   b - Animate Skeleton               Necromancy                   1
   c - Vampiric Draining              Necromancy                   3
   d - Regeneration                   Charms/Necromancy            3
   e - Animate Dead                   Necromancy                   4
   f - Control Undead                 Necromancy                   4
Comestibles
 i - 4 bread rations
 s - 6 meat rations
 E - 8 fruits
 F - 3 chunks of flesh
 G - 6 beef jerkies


   Skills:
 - Level 3.0 Fighting
 - Level 8.8 Long Blades
 * Level 1.5 Staves
 - Level 2.3 Dodging
 + Level 8.2 Stealth
 * Level 2.0 Necromancy
 + Level 6.6 Invocations


You couldn't memorise any spells.
You knew the following spells:

 Your Spells              Type           Power        Failure   Level  Hunger
b - Vampiric Draining     Necr           #.........   38%         3    ####...
c - Pain                  Necr           #...         14%         1    ##.....
r - Regeneration          Chrm/Necr      #.........   61%         3    ####...
x - Animate Skeleton      Necr           N/A          14%         1    ##.....


Dungeon Overview and Level Annotations

Branches:
Dungeon (8/15)             Temple (0/1) D:4
   Lair: D:8-11

Altars:
Cheibriados
Fedhas
Gozag
Kikubaaqudgha
Makhleb
Sif Muna
Uskayaw
Xom
Yredelemnul


Innate Abilities, Weirdness & Mutations

You cannot wear most types of armour.
You are amphibious.
You can wear up to eight rings at the same time.
You can use your tentacles to constrict eight enemies at once.
Your skin changes colour to match your surroundings (Stealth+).
Your rubbery body absorbs attacks. (AC +1)
Your muscles are strong. (Str +2)


Message History

Aim: a jelly (almost dead, chance to defeat MR: 56%)
The jelly resists with significant effort.
The jelly hits you.
* * * LOW HITPOINT WARNING * * *
You are splashed with acid!
The acid burns!
* * * LOW HITPOINT WARNING * * *
You see here a sling bullet.
You see here 2 sling bullets.
There is a stone staircase leading up here.
You see here a sling bullet.
You are no longer corroded.
You see here 2 sling bullets.
The killer bee closely misses you. The killer bee stings you.
* * * LOW HITPOINT WARNING * * *
You are lethally poisoned!
The killer bee poisons you!
You feel better.
The killer bee closely misses you. x2; The jelly hits you.
* * * LOW HITPOINT WARNING * * *
You are splashed with acid!
The acid corrodes you!
The acid burns!
You die...

#... ... #..# ..
# #..# ..
####.##..#### .#
............#..#
####.##.###.#..#
........# #<...#
#######.###.##.#
#.....((J@....#
###..####.y####.#
#......[.....# #
#§§≈.≈≈##..#.#
#§≈..≈≈≈#..#.#
#≈.≈§§≈≈...# #
#≈.._§.≈##.#
#≈.§§≈§≈##.#
#§≈§..≈≈# )#


You could see a jelly and a killer bee.

Vanquished Creatures
  An eye of draining (D:8)
  3 ogres
  2 centaurs
  3 giant frogs
  2 howler monkeys (D:6)
  3 vampire bats (D:4)
  2 crimson imps (D:5)
  2 giant frog zombies
  5 jellies
  3 hounds
  3 orc priests
  3 orc wizards
  3 iguanas
  2 worker ants
  2 killer bee zombies (D:5)
  Robin (D:3)
  A worker ant zombie (D:5)
  9 adders
  2 shadow imps (D:7)
  4 adder skeletons
  2 adder zombies
  3 worms
  3 dart slugs
  7 giant geckos
  25 orcs
  A ball python (D:4)
  2 bat skeletons (D:4)
  4 bat zombies (D:4)
  9 giant cockroaches
  8 hobgoblins
  11 jackals
  6 kobolds
  7 quokkas
  8 bats
  2 giant newts
  9 goblins
  A quokka zombie (D:7)
  4 rats
168 creatures vanquished.

Vanquished Creatures (others)
  An orc warrior (D:6)
  2 ogres
  A phantom (D:4)
  A black bear (D:8)
  A sky beast (D:5)
  A necrophage (D:6)
  A centaur (D:5)
  A scorpion (D:5)
9 creatures vanquished.

Grand Total: 177 creatures vanquished

Notes
Turn   | Place    | Note
--------------------------------------------------------------
     0 | Abyss:1  | hypermopl the Octopode Abyssal Knight began the quest for the Orb.
     0 | Abyss:1  | Reached XP level 1. HP: 16/16 MP: 2/2
     3 | Abyss:1  | Found a corrupted altar of Lugonu.
    28 | Abyss:1  | Found a corrupted altar of Lugonu.
    68 | Abyss:2  | Noticed a fire bat
    75 | Abyss:2  | Noticed a large abomination
    79 | Abyss:2  | Noticed a thrashing horror
    81 | D:1      | Escaped the Abyss
   166 | D:1      | Reached * piety under Lugonu
   296 | D:1      | Reached XP level 2. HP: 20/21 MP: 3/3
   759 | D:1      | Reached skill level 3 in Long Blades
   928 | D:2      | Reached skill level 1 in Stealth
   928 | D:2      | Reached XP level 3. HP: 22/26 MP: 4/4
  1151 | D:2      | Found a basalt altar of Yredelemnul.
  1427 | D:2      | Found a hide-covered altar of Uskayaw.
  1427 | D:2      | Found a burning altar of Makhleb.
  1552 | D:2      | Reached ** piety under Lugonu
  1658 | D:2      | Reached skill level 2 in Stealth
  1658 | D:2      | Reached XP level 4. HP: 31/31 MP: 5/5
  1882 | D:3      | Noticed Robin
  1920 | D:3      | Killed Robin
  2129 | D:3      | Found an opulent altar of Gozag.
  2554 | D:3      | Reached skill level 4 in Long Blades
  2555 | D:3      | Reached XP level 5. HP: 18/36 MP: 4/7
  2657 | D:3      | Reached skill level 3 in Invocations
  2837 | D:3      | Noticed an ice beast
  2842 | D:4      | Noticed a phantom
  2886 | D:3      | Noticed an ogre
  2904 | D:3      | Killed an ogre
  2904 | D:3      | Reached skill level 3 in Stealth
  3096 | D:3      | Learned a level 3 spell: Regeneration
  3098 | D:3      | Learned a level 1 spell: Animate Skeleton
  3477 | D:3      | Reached XP level 6. HP: 23/42 MP: 4/8
  3973 | D:3      | Reached *** piety under Lugonu
  3973 | D:3      | Reached skill level 4 in Stealth
  4087 | D:3      | Reached skill level 5 in Long Blades
  4240 | D:4      | Gained mutation: Your muscles are strong. (Str +2) [potion of beneficial mutation]
  4575 | D:4      | Banished a phantom
  4575 | D:4      | Reached skill level 4 in Invocations
  4637 | D:4      | Reached XP level 7. HP: 30/46 MP: 7/10
  4763 | D:4      | Reached skill level 5 in Stealth
  5347 | D:4      | Found a deep blue altar of Sif Muna.
  5403 | D:5      | Entered Level 5 of the Dungeon
  5646 | D:5      | Reached skill level 6 in Long Blades
  6179 | D:4      | Found an ancient bone altar of Kikubaaqudgha.
  6223 | D:4      | Reached skill level 6 in Stealth
  6223 | D:4      | Reached XP level 8. HP: 17/52 MP: 6/11
  6467 | D:4      | Found a staircase to the Ecumenical Temple.
  6712 | D:5      | Reached skill level 5 in Invocations
  6771 | D:5      | Reached skill level 7 in Long Blades
  7646 | D:5      | Reached skill level 7 in Stealth
  7804 | D:6      | Reached skill level 8 in Long Blades
  7904 | D:6      | Found a hide-covered altar of Uskayaw.
  8078 | D:6      | Reached skill level 6 in Invocations
  8082 | D:6      | Reached XP level 9. HP: 42/56 MP: 9/13
  8234 | D:6      | Found a blossoming altar of Fedhas.
  8337 | D:7      | Learned a level 3 spell: Vampiric Draining
  8385 | D:7      | Reached skill level 8 in Stealth
  8567 | D:7      | Learned a level 1 spell: Pain
  8715 | D:7      | Reached skill level 1 in Necromancy
  8746 | D:7      | Found a snail-covered altar of Cheibriados.
  9059 | D:8      | Found a shimmering altar of Xom.
  9076 | D:8      | Reached skill level 1 in Staves
  9085 | D:8      | Reached skill level 2 in Necromancy
  9134 | D:8      | HP: 2/56 [acid (10)]
  9150 | D:8      | HP: 1/56 [killer bee (3)]
  9151 | D:8      | Splashed by a jelly's acid

Vault maps used:
D:1:      lightli_arrival_boilingwater, minmay_unequal
D:2:      yredelemnul_altar_generic, gammafunk_temple_overflow_wave
D:3:      forest_paths, lemuel_crystal_altar, uniq_robin
D:4:      nicolae_overflow_crystal_walls, kennysheep_vampire_church,
          minmay_temple_entry_junction, first_bread
D:5:      roderic_lattice_a, minmay_misc_feat_iff, minmay_misc_feat_chi
D:6:      fedhas_altar_fruit_tree, basic_altar
D:7:      lemuel_round_altar, grunt_ogre_cave
D:8:      kennysheep_little_box, xom_confusion_cloud

Skill      XL: |  1  2  3  4  5  6  7  8  9 |
---------------+----------------------------+-----
Long Blades    | 3 4 5 6 8 |  8.8
Stealth        | 1 2 3 4 6 7 8 |  8.2
Invocations    | 3 4 6 |  6.6
Necromancy     | 2 |  2.0
Staves         | 1 |  1.5
Fighting       | |  3.0
Dodging        | |  2.3

Action                   |  1- 3 |  4- 6 |  7- 9 || total
-------------------------+-------+-------+-------++-------
Melee: Falchion          |    71 |   119 |   170 ||   360
       Constrict         |    16 |    25 |    54 ||    95
       Tentacles         |     8 |    22 |    44 ||    74
       Dagger            |       |       |    11 ||    11
       Long sword        |       |       |    32 ||    32
       Staff             |       |       |     3 ||     3
 Fire: Hunting sling     |       |    17 |    38 ||    55
Throw: Javelin           |       |       |     3 ||     3
 Cast: Pain              |       |       |     4 ||     4
       Animate Skeleton  |       |       |     2 ||     2
Invok: Depart the Abyss  |     1 |       |       ||     1
       Bend Space        |       |     2 |       ||     2
       Banish            |       |     1 |     8 ||     9
  Use: Potion            |       |     4 |     1 ||     5
       Scroll            |       |     2 |     4 ||     6
 Stab: Sleeping          |     4 |     4 |    18 ||    26
       Distracted        |       |     2 |     3 ||     5
  Eat: Chunk             |     2 |     8 |     8 ||    18
       Beef jerky        |       |     1 |       ||     1
       Bread ration      |       |       |     2 ||     2
Armor: Skin              |     7 |     6 |    20 ||    33
Dodge: Dodged            |    47 |    75 |   152 ||   274
